 Dungeon Crawl Stone Soup version 0.27-a0-836-gfc908b8576 (webtiles) character file.

Game seed: 373170678919475790

199 n0claF the Ruffian (level 5, -1/46 HPs)
             Began as a Ghoul Fighter on Mar 31, 2021.
             Slain by an ogre
             ... wielding a +0 giant club
              (14 damage)
             ... on level 4 of the Dungeon on Apr 1, 2021.
             The game lasted 00:10:14 (3091 turns).

n0claF the Ruffian (Ghoul Fighter)                  Turns: 3091, Time: 00:10:15

Health: -1/46      AC:  8    Str: 21    XL:     5   Next: 77%
Magic:  4/4        EV:  7    Int:  3    God:
Gold:   112        SH:  8    Dex:  8    Spells: 4/4 levels left

rFire    . . .     SeeInvis .     - Unarmed
rCold    + . .     Faith    .   b - +0 kite shield
rNeg     + + +     Spirit   .   a - +0 scale mail
rPois    ∞         Reflect  .   (no helmet)
rElec    .         Harm     .   (no cloak)
rCorr    .         Rampage  .   (no gloves)
Will     .....                  k - +0 pair of boots
Stlth    ..........             (no amulet)
HPRegen  0.00/turn              (no ring)
MPRegen  0.09/turn              (no ring)

@: no status effects
A: claws 1, cold resistance 1, negative energy resistance 3, inhibited
regeneration, torment resistance 2, unbreathing 1
a: no special abilities


You were on level 4 of the Dungeon.
You visited 1 branch of the dungeon, and saw 4 of its levels.

You collected 112 gold pieces.

Inventory:

Armour
 a - a +0 scale mail (worn)
 b - a +0 kite shield (worn)
 k - a +0 pair of boots (worn)
   (You found it on level 3 of the Dungeon)
Jewellery
 h - an amulet of faith {!P}
   (You found it on level 2 of the Dungeon)
Wands
 d - a wand of iceblast (7)
   (You found it on level 3 of the Dungeon)
Scrolls
 c - 3 scrolls of identify {unknown}
 e - a scroll of enchant armour {unknown}
 f - 2 scrolls of vulnerability {unknown}
Potions
 g - a potion of curing {unknown}
 i - a potion of degeneration {unknown}
 j - a potion of resistance {unknown}


   Skills:
 + Level 4.2 Fighting
 + Level 3.5 Armour
 - Level 1.8 Dodging
 + Level 2.7 Shields
 + Level 4.3 Unarmed Combat
 + Level 0.0 Summonings


You had 4 spell levels left.
You didn't know any spells.
Your spell library contained the following spells:

 Spells                   Type           Power      Damage    Failure   Level
 Gell's Gravitas          Tloc           0%         N/A       100%        3
 Eringya's Noxious Bog    Tmut/Pois      0%         N/A       100%        6
 Wereblood                Tmut           Unusable   N/A       N/A         2

Dungeon Overview and Level Annotations

Branches:
Dungeon (4/15)
 Temple: D:4-7

Altars:


Innate Abilities, Weirdness & Mutations

You thrive by killing the living.
You are immune to poison.
You have sharp fingernails.
Your flesh is cold resistant. (rC+)
You are immune to negative energy. (rN+++)
You do not regenerate when monsters are visible.
You are immune to unholy pain and torment.
You can survive without breathing.


Message History

You now have 112 gold pieces (gained 10).
Found a stone staircase leading up.
Found a pair of boots.
There is a stone staircase leading down here.
No target in view!
k - a +0 pair of boots You start putting on your armour.
You continue putting on your +0 pair of boots. x4
You finish putting on your +0 pair of boots.
There is a stone staircase leading down here.
A hobgoblin comes into view.
The hobgoblin shouts!
You scratch the hobgoblin.
The hobgoblin hits you but does no damage.
You claw the hobgoblin!
You kill the hobgoblin!
No target in view!
Done exploring.
Done exploring.
No target in view!
No target in view!
Done exploring.
Search for what [Enter for "."]? .
You see here a hobgoblin skeleton.
There is a stone staircase leading down here.
You climb downwards.
There is a stone staircase leading up here.
Found a glowing dagger and a paperback book.
Found an escape hatch in the floor.
Found a stone staircase leading up.
Found a potion of might.
Found a stone staircase leading down.
Found 15 gold pieces.
Found a stone staircase leading up.
An ogre comes into view. It is wielding a +0 giant club.
The ogre shouts!
Found 16 gold pieces.
You see here a +0 dagger of speed.
An orc comes into view. It is wielding a +0 dagger.
The orc shouts!
You scratch the ogre. You block the ogre's attack.
You barely miss the ogre. You block the ogre's attack.
You scratch the ogre.
The ogre hits you with a +0 giant club!!
Ouch! That really hurt!
* * * LOW HITPOINT WARNING * * *
You claw the ogre! The ogre barely misses you.
Your scale mail prevents you from hitting the ogre.
The ogre hits you with a +0 giant club!
* * * LOW HITPOINT WARNING * * *
You scratch the ogre. The ogre hits you with a +0 giant club!
You die...

.. .... #. .###
...# #.#....
...#
#..##.##!#.####
#.....#.......#
#..##.........$
#..##.).:....<.
#..##....<...$.
#>.@Oo.........
##.###.....>...
#..# #.........
#<## #.#######.
#.# #.# #.# #o#
#.# #.. #.# ##
#.#


You could see an ogre and an orc.

Vanquished Creatures
  An orc priest (D:2)
  3 orc wizards (D:2)
  An adder (D:3)
  A worm (D:2)
  A dart slug (D:1)
  2 orcs
  5 ball pythons
  5 endoplasms
  4 giant cockroaches
  13 hobgoblins
  13 jackals
  A quokka (D:1)
  3 bats
  3 frilled lizards (D:1)
  5 goblins
  7 kobolds
  12 rats
80 creatures vanquished.

Notes
Turn   | Place    | Note
-------+----------+-------------------------------------------
     0 | D:1      | n0claF the Ghoul Fighter began the quest for the Orb.
     0 | D:1      | Reached XP level 1. HP: 19/19 MP: 0/0
   195 | D:1      | Reached XP level 2. HP: 26/26 MP: 1/1
   617 | D:1      | Reached XP level 3. HP: 31/31 MP: 2/2
  1183 | D:1      | Reached skill level 1 in Dodging
  1526 | D:2      | Identified Cuineig's Incunabulum of the Hot Ocelot
  1744 | D:2      | Reached XP level 4. HP: 22/40 MP: 3/3
  1977 | D:2      | Reached XP level 5. HP: 17/46 MP: 4/4
  3075 | D:4      | Noticed an ogre
  3091 | D:4      | Slain by an ogre

Illustrated notes

Levels and vault maps discovered:
D:1:      sevenhm_arrival_forest_fort_large_2, layout_basic, minmay_box_of_dots
D:2:      layout_basic
D:3:      layout_basic
D:4:      layout_loops_ring, pdpol_temple_overflow_zin_treasury_gozag_greed,
          uniq_sigmund

Skill      XL: |  1  2  3  4  5 |
---------------+----------------+-----
Unarmed Combat | 3 4 |  4.3
Armour         | 3 |  3.5
Dodging        | 1 |  1.8
Fighting       | 4 |  4.2
Shields        | |  2.7

Action                   |  1- 3 |  4- 6 || total
-------------------------+-------+-------++-------
Melee: Unarmed           |   139 |   135 ||   274
  Use: Potion            |       |     1 ||     1
Armor: Scale mail        |    68 |    57 ||   125
Dodge: Dodged            |    42 |    31 ||    73
Block: Kite shield       |    65 |    61 ||   126

Table legend: (Time is in decaauts)
 A = Elapsed time spent in this place.
 B = Non-inter-level travel time spent in this place.
 C = Inter-level travel time spent in this place.
 D = Time resting spent in this place.
 E = Time spent auto-exploring this place.
 F = Levels seen in this place.
 G = Mean time per level.
                   A        B        C        D        E       F      G
               +--------+--------+--------+--------+--------+-----+--------+
         Total |   3142 |   3067 |     75 |    670 |   1828 |   4 |  785.5 |
       Dungeon |   3142 |   3067 |     75 |    670 |   1828 |   4 |  785.5 |
               +--------+--------+--------+--------+--------+-----+--------+

Top non-repeatable levels by time:
     D:1: 1361 daAuts
     D:2: 1235 daAuts
     D:3: 520 daAuts
     D:4: 25 daAuts
